 Dungeon Sprint DCSS version 0.31-a0-851-g7ff8af7976 (webtiles) character file.

Game seed: 15824733994437357568

14360 sircluck the Brawler (level 11, -1/132 HPs)
             Began as a Troll Berserker on Oct 6, 2023.
             Was a High Priest of Trog.
             Slain by an unseen horror (7 damage)
             ... in the Dungeon (Sprint I: "Red Sonja").
             The game lasted 00:07:52 (1620 turns).

sircluck the Brawler (Troll Berserker)              Turns: 1620, Time: 00:07:54

Health: -1/132     AC:  5    Str: 35    XL:     11   Next: 87%
Magic:  10/10      EV: 14    Int:  3    God:    Trog [*****.]
Gold:   1821       SH:  0    Dex:  9    Spells: 10/10 levels left

rFire   + +          .
                       - Unarmed
rCold   + . .        (no shield)
rNeg    . . .        a - +0 animal skin
rPois   .            (helmet restricted)
rElec   .            n - +0 cloak of the Armoured One {rF+ rC+ Str+4}
rCorr   .            (gloves unavailable)
SInv    .            (boots unavailable)
Will    .....        (no amulet)
Stlth   +            q - ring of protection from fire
HPRegen 1.22/turn    (no ring)
MPRegen 0.12/turn

%: no teleportation
@: no status effects
A: large, unfitting armour, claws 3, regeneration 1, shaggy fur 1, tough skin 1
a: Renounce Religion, Berserk, Trog's Hand, Brothers in Arms


You were in the Dungeon.
You worshipped Trog.
Trog was extremely pleased with you.
You visited 1 branch You collected 3073 gold pieces.
You spent 1252 gold pieces at shops.

Inventory:

Missiles
 r - 2 boomerangs
Armour
 a - a +0 animal skin (worn)
 n - the +0 cloak of the Armoured One (worn) {rF+ rC+ Str+4}
   (You bought it in a shop in the Dungeon)

   Str+4:     It affects your strength (+4).
   rF+:       It protects you from fire.
   rC+:       It protects you from cold.
Jewellery
 q - a ring of protection from fire (left claw)
Wands
 h - a wand of flame (25)
 o - a wand of digging (6)
Scrolls
 i - a scroll of enchant weapon {unknown}
 j - a scroll of torment {unknown}
 m - a scroll of amnesia {unknown}
 p - a scroll of acquirement
Potions
 b - 2 potions of curing
 d - a potion of haste
 e - 2 potions of magic
 f - a potion of berserk rage
 k - a potion of degeneration {unknown}
Miscellaneous
 l - a phantom mirror


   Skills:
 + Level 15.2 Fighting
 + Level 15.0 Dodging
 + Level 17.6 Unarmed Combat


You had 10 spell levels left.
You didn't know any spells.
Your spell library was empty.

Dungeon Overview and Level Annotations

Branches:
Dungeon (1/1)

Altars:
Cheibriados
Dithmenos
Elyvilon
Fedhas
Gozag
Hepliaklqana
Kikubaaqudgha
Makhleb
Nemelex Xobeh
Okawaru
Qazlal
Ru
Sif Muna
Trog
Uskayaw
Vehumet
Wu Jian
Xom
Yredelemnul
Zin
The Shining One
Jiyva
Lugonu

Shops:
D [*!**(?**[[!**(***:[[


Innate Abilities, Weirdness & Mutations

You are too large for most types of armour.
You have claws for hands.
Your natural rate of healing is unusually fast.
You are covered in fur. (AC +1)
You have tough skin. (AC +1)


Message History

* * * LOW HITPOINT WARNING * * *
Unknown command.
Unknown command.
You scratch something but do no damage. Something completely misses you.
Something hits you but does no damage. Something hits you.
* * * LOW HITPOINT WARNING * * *
Your stone giant goes berserk!
Something hits you!
* * * LOW HITPOINT WARNING * * *
Something hits you.
* * * LOW HITPOINT WARNING * * *
Something hits your stone giant. Something hits you but does no damage.
Something completely misses you.
Unknown command.
Unknown command.
You claw something! Something hits you.
* * * LOW HITPOINT WARNING * * *
Something barely misses you. Something hits you but does no damage.
Something hits you.
* * * LOW HITPOINT WARNING * * *
Something hits you.
* * * LOW HITPOINT WARNING * * *
You scratch something but do no damage. Something hits you.
* * * LOW HITPOINT WARNING * * *
Something hits you.
* * * LOW HITPOINT WARNING * * *
Something hits you!
* * * LOW HITPOINT WARNING * * *
Your stone giant closely misses something.
Something hits you.
* * * LOW HITPOINT WARNING * * *
Something hits you but does no damage.
Unknown command.
Unknown command.
You feel better. Something hits you but does no damage.
Your stone giant barely misses something.
Something hits you!
* * * LOW HITPOINT WARNING * * *
Something hits you!
You die...

.)'§§#§#.###§§.##*##**+*,,,,,****
###..'.#'#.###'#,))##,,*,,,,,*,,,
§##+####...#y#.##$$$#,,**,,,,*,∩,
§#○)°°°#...###..###$#,,~***+**,,,
.#..°°○+.....##.#A#$#,,~,,*,****+
'###...#.....#..###$#,,~,**+*,,,,
.'.#...###''##C##..$#,,~**,,,,,,,
##.#..###..###..#+###,,~*,,,,,,,,
##.#°°####..###{@.#,~,,**,,,,,,,,
##§##'#..#).#.###.#,~,,*,,,,,,,,,
##§##(#.........#.#**,,*,,,,,,,,,
.).####..°......#.#,+,,**,,,,,,,,
##.#..'..○°..####+#,**'**,,,,,,,,
§#§#####...###,,,,*,*~~~**,,,,,,,
#§§#?[,#####,,,****,*~~~~**,,,,,,
####:C,,,,,,,***,,,,*~~~~~*******
##(?$.,,,*****,,,,****~~~~*~~~~~*


You could see a friendly stone giant (summoned, berserk).

Vanquished Creatures
  A lorocyproca (D)
  2 centaur warriors (D)
  4 demonic crawlers (D)
  Sonja (D)
  A deep troll (D)
  A lindwurm (D)
  An oklob plant (D)
  A gargoyle (D)
  2 unseen horrors (D)
  2 kobold demonologists (D)
  A hornet (D)
  A slime creature (D)
  Sigmund (D)
  A yak (D)
  13 hogs (D)
  2 redbacks (D)
  3 floating eyes (D)
  An ogre (D)
  7 necrophages (D)
  8 jellies (D)
  Ijyb (D)
55 creatures vanquished.

Vanquished Creatures (collateral kills)
  8 shining eyes (D)
  3 floating eyes (D)
11 creatures vanquished.

Vanquished Creatures (others)
  2 ballistomycete spores (D)
2 creatures vanquished.

Grand Total: 68 creatures vanquished

Notes
Turn   | Place    | Note
-------+----------+-------------------------------------------
     0 | D        | sircluck the Troll Berserker began the quest for the Orb.
     0 | D        | Reached XP level 1. HP: 22/22 MP: 0/0
     1 | D        | Noticed Ijyb
    11 | D        | Killed Ijyb
    12 | D        | Reached skill level 4 in Unarmed Combat
    12 | D        | Reached XP level 2. HP: 15/32 MP: 1/1
    31 | D        | Noticed an ogre
    37 | D        | Killed an ogre
    38 | D        | Reached skill level 5 in Fighting
    38 | D        | Reached skill level 5 in Dodging
    38 | D        | Reached skill level 6 in Unarmed Combat
    38 | D        | Reached XP level 3. HP: 21/42 MP: 2/2
    38 | D        | Reached XP level 4. HP: 25/50 MP: 3/3
    73 | D        | Noticed Sigmund
    77 | D        | Killed Sigmund
    77 | D        | Reached ** piety under Trog
    78 | D        | Reached skill level 7 in Unarmed Combat
    78 | D        | Reached XP level 5. HP: 61/61 MP: 4/4
    78 | D        | Reached XP level 6. HP: 68/68 MP: 5/5
    91 | D        | Found an ornate altar of the Wu Jian Council.
    91 | D        | Found a shimmering blue altar of Sif Muna.
    93 | D        | Found a radiant altar of Vehumet.
    97 | D        | Reached skill level 8 in Unarmed Combat
   110 | D        | Noticed a centaur warrior
   110 | D        | Noticed a centaur warrior
   122 | D        | Killed a centaur warrior
   123 | D        | Reached skill level 10 in Unarmed Combat
   123 | D        | Reached XP level 7. HP: 81/81 MP: 6/6
   130 | D        | Killed a centaur warrior
   130 | D        | Reached *** piety under Trog
   131 | D        | Reached skill level 11 in Unarmed Combat
   131 | D        | Reached XP level 8. HP: 83/93 MP: 7/7
   192 | D        | Noticed a hornet
   195 | D        | Paralysed by a hornet for 1 turns
   199 | D        | Killed a hornet
   200 | D        | Reached skill level 10 in Fighting
   257 | D        | Noticed an oklob plant
   264 | D        | Killed an oklob plant
   265 | D        | Reached skill level 10 in Dodging
   265 | D        | Reached skill level 12 in Unarmed Combat
   265 | D        | Reached XP level 9. HP: 74/102 MP: 8/8
   297 | D        | Reached **** piety under Trog
   387 | D        | Killed an unseen horror
   404 | D        | Killed an unseen horror
   405 | D        | Reached skill level 13 in Unarmed Combat
   466 | D        | Reached ***** piety under Trog
   466 | D        | Received a gift from Trog
   532 | D        | Received a gift from Trog
   558 | D        | Found Pakaetaegi's Assorted Antiques.
   558 | D        | Found Tiarrah's Magic Scroll Shop.
   558 | D        | Found Deder's Assorted Antiques.
   560 | D        | Found Yrao's Armour Emporium.
   560 | D        | Found Beoqall's Armour Shop.
   560 | D        | Found Raty's Distillery.
   560 | D        | Found Zaufiev's General Store.
   560 | D        | Found Witaub's General Store.
   560 | D        | Found Boij's Weapon Shop.
   560 | D        | Found Vioxzo's Assorted Antiques.
   562 | D        | Bought a scroll of revelation for 97 gold pieces
   581 | D        | Found Deun's General Store.
   582 | D        | Found Qirghu Upoufu's Book Emporium.
   582 | D        | Found Tont's General Store.
   583 | D        | Found Aguzxeth's Antique Armour Emporium.
   592 | D        | Bought a blackened cloak for 152 gold pieces
   592 | D        | Identified the +0 cloak of the Armoured One {rF+ rC+ Str+4}
                  | (You bought it in a shop in the Dungeon)
   599 | D        | Bought a wand of digging (6) for 327 gold pieces
   657 | D        | Found Bang's General Store.
   657 | D        | Found an ancient bone altar of Kikubaaqudgha.
   657 | D        | Found a hazy altar of Hepliaklqana.
   657 | D        | Found a hide-covered altar of Uskayaw.
   657 | D        | Found a basalt altar of Yredelemnul.
   657 | D        | Found an opulent altar of Gozag.
   657 | D        | Found a snail-covered altar of Cheibriados.
   657 | D        | Found a sacrificial altar of Ru.
   657 | D        | Found a shadowy altar of Dithmenos.
   660 | D        | Found a stormy altar of Qazlal.
   660 | D        | Found a blossoming altar of Fedhas.
   660 | D        | Found a bloodstained altar of Trog.
   660 | D        | Found an iron altar of Okawaru.
   660 | D        | Found a glowing golden altar of the Shining One.
   660 | D        | Found a glowing silver altar of Zin.
   660 | D        | Found a white marble altar of Elyvilon.
   662 | D        | Found a sparkling altar of Nemelex Xobeh.
   678 | D        | Bought a scroll of acquirement for 676 gold pieces
   702 | D        | Noticed a deep troll
   707 | D        | Killed a deep troll
   708 | D        | Reached skill level 14 in Unarmed Combat
   708 | D        | Reached XP level 10. HP: 100/115 MP: 9/9
   720 | D        | Found Nusutychu's Armour Emporium.
   742 | D        | Noticed Sonja
   749 | D        | Killed Sonja
   866 | D        | Found Ucoow's Armour Boutique.
   877 | D        | Noticed a shining eye
   877 | D        | Noticed a shining eye
   877 | D        | Noticed a shining eye
   879 | D        | Killed a shining eye
   880 | D        | Killed a shining eye
   880 | D        | Killed a shining eye
   881 | D        | Paralysed by a floating eye for 4 turns
   881 | D        | Noticed a shining eye
   883 | D        | Reached skill level 15 in Unarmed Combat
   886 | D        | Killed a shining eye
   888 | D        | Received a gift from Trog
   891 | D        | Noticed a shining eye
   891 | D        | Noticed a shining eye
   897 | D        | Killed a shining eye
   903 | D        | Killed a shining eye
   907 | D        | Noticed a shining eye
   907 | D        | Noticed a shining eye
   911 | D        | Killed a shining eye
   912 | D        | Reached XP level 11. HP: 127/127 MP: 10/10
   913 | D        | Killed a shining eye
   923 | D        | Found Ompafad's General Store.
   923 | D        | Found Teigrig's Assorted Antiques.
   923 | D        | Found Jythrir's Distillery.
   923 | D        | Found Cumufikk's Weapon Boutique.
  1023 | D        | Noticed a fire giant
  1023 | D        | Noticed a fire giant
  1061 | D        | Found a burning altar of Makhleb.
  1061 | D        | Found a viscous altar of Jiyva.
  1061 | D        | Found a shimmering altar of Xom.
  1061 | D        | Found a corrupted altar of Lugonu.
  1087 | D        | Received a gift from Trog
  1088 | D        | Reached skill level 16 in Unarmed Combat
  1093 | D        | Noticed a demonic crawler
  1093 | D        | Noticed a demonic crawler
  1093 | D        | Noticed a demonic crawler
  1093 | D        | Noticed a demonic crawler
  1096 | D        | Killed a demonic crawler
  1098 | D        | Killed a demonic crawler
  1102 | D        | Killed a demonic crawler
  1105 | D        | Killed a demonic crawler
  1105 | D        | Received a gift from Trog
  1169 | D        | Noticed a lindwurm
  1176 | D        | Killed a lindwurm
  1217 | D        | Reached skill level 17 in Unarmed Combat
  1252 | D        | Killed a lorocyproca
  1563 | D        | Reached ****** piety under Trog
  1571 | D        | Reached skill level 15 in Fighting
  1579 | D        | Received a gift from Trog
  1590 | D        | Reached skill level 15 in Dodging
  1605 | D        | Noticed a daeva
  1619 | D        | HP: 6/132 [something (10)]
  1619 | D        | HP: 2/132 [something (4)]
  1620 | D        | Slain by an unseen horror

Illustrated notes

Levels and vault maps discovered:
D:        dungeon_sprint_1 [red_sonja_temple_1, red_sonja_temple_small_1]

Skill      XL: |  1  2  3  4  5  6  7  8  9 10 11 |
---------------+----------------------------------+-----
Fighting       | 3 5 6 8 9 10 12 13 15 | 15.2
Dodging        | 3 5 6 8 9 10 11 13 15 | 15.0
Unarmed Combat | 4 6 7 10 11 12 14 15 17 | 17.6

Action                     |  1- 3 |  4- 6 |  7- 9 | 10-12 || total
---------------------------+-------+-------+-------+-------++-------
  Melee: Unarmed           |    14 |     9 |    75 |    86 ||   184
         Punch             |       |     1 |     2 |     4 ||     7
 Invoke: Berserk           |       |     1 |     2 |     2 ||     5
         Brothers in Arms  |       |       |       |     3 ||     3
  Evoke: Wand              |     1 |       |       |       ||     1
    Use: Scroll            |       |       |       |     2 ||     2
         Potion            |       |       |       |     2 ||     2
 Armour: Animal skin       |     6 |    14 |    74 |    99 ||   193
  Dodge: Dodged            |     4 |     9 |    24 |    48 ||    85

Table legend: (Time is in decaauts)
 A = Elapsed time spent in this place.
 B = Non-inter-level travel time spent in this place.
 C = Inter-level travel time spent in this place.
 D = Time resting spent in this place.
 E = Time spent auto-exploring this place.
 F = Levels seen in this place.
 G = Mean time per level.
                   A        B        C        D        E       F      G
               +--------+--------+--------+--------+--------+-----+--------+
         Total |   1626 |   1502 |    124 |    555 |    264 |   1 | 1626.0 |
       Dungeon |   1626 |   1502 |    124 |    555 |    264 |   1 | 1626.0 |
               +--------+--------+--------+--------+--------+-----+--------+

Top non-repeatable levels by time:
       D: 1626 daAuts
